 Dungeon Crawl Stone Soup version 0.27-a0-1202-ge72e49191c (webtiles) character file.

Game seed: 17153306514839129185

127 hatdisgam the Digger (level 5, -6/35 HPs)
             Began as a Formicid Earth Elementalist on June 4, 2021.
             Killed from afar by a gnoll (8 damage)
             ... with an iceblast
             ... on level 3 of the Dungeon.
             The game lasted 00:03:48 (2599 turns).

hatdisgam the Digger (Formicid Earth Elementalist)  Turns: 2599, Time: 00:03:49

Health: -6/35      AC:  3    Str: 12    XL:     5   Next: 33%
Magic:  9/10       EV: 12    Int: 16    God:
Gold:   66         SH:  0    Dex: 11    Spells: 6/10 levels left

rFire    . . .     SeeInvis +   m - +0 long sword
rCold    . . .     Faith    .   (no shield)
rNeg     . . .     Spirit   .   c - +0 robe
rPois    .         Reflect  .   (helmet unavailable)
rElec    .         Harm     .   n - +0 cloak
rCorr    .         Rampage  .   (no gloves)
Will     .....                  (no boots)
Stlth    ++........             (no amulet)
HPRegen  0.11/turn              (no ring)
MPRegen  0.12/turn              (no ring)

@: no status effects
A: permanent stasis, dig shafts and tunnels, antennae 3, four strong arms
a: Dig, Shaft Self


You were on level 3 of the Dungeon.
You visited 1 branch of the dungeon, and saw 3 of its levels.

You collected 66 gold pieces.

Inventory:

Hand Weapons
 e - a +0 club
 f - a +0 dagger
 j - a +0 rapier
 m - a +0 long sword (weapon)
Missiles
 b - 58 stones
 h - 8 curare-tipped darts
Armour
 c - a +0 robe (worn)
 l - a +0 tower shield
 n - a +0 cloak (worn)
Jewellery
 g - a +4 ring of protection
Scrolls
 a - 3 scrolls of identify {unknown}
 d - 2 scrolls of enchant armour {unknown}
 i - 2 scrolls of enchant weapon {unknown}


   Skills:
 - Level 1.7 Dodging
 - Level 2.4 Stealth
 + Level 3.3 Spellcasting
 * Level 1.0 Conjurations
 - Level 1.1 Transmutations
 * Level 5.7 Earth Magic


You had 6 spell levels left.
You knew the following spells:

 Your Spells              Type           Power      Damage    Failure   Level
a - Sandblast             Erth           42%        2d11      1%          1
b - Stone Arrow           Conj/Erth      26%        3d8       14%         3

Your spell library contained the following spells:

 Spells                   Type           Power      Damage    Failure   Level
 Passwall                 Tmut/Erth      10%        N/A       7%          2
 Animate Skeleton         Necr           4%         N/A       19%         1
 Pain                     Necr           8%         1d4       19%         1
 Petrify                  Tmut/Erth      13%        N/A       41%         4
 Lee's Rapid Deconstruct  Erth           10%        3d9*      43%         5
 Vampiric Draining        Necr           1%         2d6       47%         3
 Animate Dead             Necr           1%         N/A       87%         4
 Agony                    Necr           2%         N/A       99%         5


Dungeon Overview and Level Annotations

Branches:
Dungeon (3/15)

Altars:


Innate Abilities, Weirdness & Mutations

You cannot be hasted, slowed, berserked, paralysed or teleported.
You can dig through walls and to a lower floor.
You have a pair of large antennae on your head. (SInv)
Your four strong arms can wield two-handed weapons with a shield.


Message History

Aim: a gnoll, wielding a +0 club (almost dead, 83% to hit)
The blast of sand hits the gnoll!
You kill the gnoll!
Your Conjurations skill increases to level 1!
Unknown command.
You closely miss the hobgoblin. The hobgoblin closely misses you.
The hobgoblin hits you.
You hit the hobgoblin but do no damage. The hobgoblin hits you.
You barely miss the hobgoblin. The hobgoblin hits you. x2
You barely miss the hobgoblin. The hobgoblin closely misses you.
You hit the hobgoblin.
The hobgoblin is heavily wounded.
The hobgoblin misses you.
You hit the hobgoblin but do no damage.
The hobgoblin is heavily wounded.
The hobgoblin hits you.
A gnoll comes into view.
It is wielding a +0 club and carrying a wand of iceblast (11).
The hobgoblin hits you.
The gnoll shouts!
You hit the hobgoblin but do no damage.
The hobgoblin is heavily wounded.
The hobgoblin barely misses you.
You hit the hobgoblin.
You kill the hobgoblin!
The gnoll zaps a wand.
The mass of ice explodes!
The iceblast engulfs you!
* * * LOW HITPOINT WARNING * * *
You hear a shout!
The gnoll zaps a wand.
The mass of ice explodes!
The iceblast engulfs you!
* * * LOW HITPOINT WARNING * * *
It was a potion of magic.
Magic courses through your body.
Casting: Sandblast (safe; 1% risk of failure)
Confirm with . or Enter, or press ? or * to list all spells.
Aiming: Sandblast (safe; 1% risk of failure)
Press: ? - help, Shift-Dir - straight line, f - gnoll
Aim: a gnoll, wielding a +0 club and carrying a wand of iceblast (9) (83% to hit)
The blast of sand hits the gnoll!
The gnoll is severely wounded.
A gnoll comes into view. It is wielding a +0 spear.
The gnoll zaps a wand.
The mass of ice explodes!
The iceblast engulfs you!
You die...

#.# #.# #.#####.#
......g.# #)# #######.##
........g###############
#######..............††#
##@#############.# #.#
#.# #.#############.#
######..##...........#
#......#.#.#########.#
#.###...#..### #.# #.#
#.#.##...# #.#
#.###...###..# ## #.#
#.....####.#.# .......


You could see 2 gnolls.

Vanquished Creatures
  Crazy Yiuf (D:2)
  2 gnolls (D:3)
  3 adders
  A dart slug (D:2)
  6 ball pythons
  3 endoplasms
  2 giant cockroaches (D:1)
  3 goblins (D:1)
  8 hobgoblins
  8 jackals
  A kobold (D:2)
  A quokka (D:1)
  7 bats
  A rat (D:2)
47 creatures vanquished.

Notes
Turn   | Place    | Note
-------+----------+-------------------------------------------
     0 | D:1      | hatdisgam the Formicid Earth Elementalist began the quest
                  | for the Orb.
     0 | D:1      | Reached XP level 1. HP: 13/13 MP: 3/3
   164 | D:1      | Reached skill level 4 in Earth Magic
   164 | D:1      | Reached XP level 2. HP: 19/19 MP: 1/5
   569 | D:1      | Reached XP level 3. HP: 24/24 MP: 6/6
   866 | D:1      | Found a faded altar of an unknown god.
  1786 | D:2      | Reached skill level 5 in Earth Magic
  1893 | D:2      | Reached XP level 4. HP: 30/30 MP: 8/8
  2022 | D:2      | Found a runed translucent door.
  2023 | D:2      | Noticed Crazy Yiuf
  2031 | D:2      | Killed Crazy Yiuf
  2277 | D:3      | Learned a level 3 spell: Stone Arrow
  2391 | D:3      | Reached XP level 5. HP: 27/35 MP: 7/9
  2584 | D:3      | Reached skill level 1 in Conjurations
  2597 | D:3      | HP: 1/35 [gnoll/iceblast (7)]
  2599 | D:3      | Killed from afar by a gnoll

Illustrated notes

Levels and vault maps discovered:
D:1:      heliophobic_arrival_battle_scene, layout_loops_ring,
          ebering_ecumenical_altar_rust
D:2:      layout_rooms, uniq_crazy_yiuf_cottage
D:3:      layout_loops_ring, nrook_mini_backslash, lightli_corner_chamber

Skill      XL: |  1  2  3  4  5 |
---------------+----------------+-----
Earth Magic    | 4 5 |  5.7
Spellcasting   | 3 |  3.3
Conjurations   | 1 |  1.0
Dodging        | |  1.7
Stealth        | |  2.4
Transmutations | |  1.1

Action                   |  1- 3 |  4- 6 || total
-------------------------+-------+-------++-------
Melee: Unarmed           |    11 |       ||    11
       Dagger            |    27 |       ||    27
       Club              |     2 |       ||     2
       Long sword        |    32 |    35 ||    67
       Rapier            |     3 |       ||     3
 Cast: Sandblast         |    24 |    12 ||    36
  Use: Potion            |       |     1 ||     1
 Stab: Sleeping          |     4 |     1 ||     5
Armor: Robe              |    18 |    13 ||    31
Dodge: Dodged            |    69 |    34 ||   103
       Rpst.: Long sword |    10 |    14 ||    24

Table legend: (Time is in decaauts)
 A = Elapsed time spent in this place.
 B = Non-inter-level travel time spent in this place.
 C = Inter-level travel time spent in this place.
 D = Time resting spent in this place.
 E = Time spent auto-exploring this place.
 F = Levels seen in this place.
 G = Mean time per level.
                   A        B        C        D        E       F      G
               +--------+--------+--------+--------+--------+-----+--------+
         Total |   2624 |   2524 |    100 |     94 |   2052 |   3 |  874.7 |
       Dungeon |   2624 |   2524 |    100 |     94 |   2052 |   3 |  874.7 |
               +--------+--------+--------+--------+--------+-----+--------+

Top non-repeatable levels by time:
     D:2: 1158 daAuts
     D:1: 1119 daAuts
     D:3: 346 daAuts
